[Event "WYCC 2018 O16"]
[Site "Halkidiki"]
[Date "2018.10.26"]
[Round "7"]
[White "Mis, Mieszko"]
[Black "Van Malder, Dries"]
[Result "1-0"]
[ECO "A40"]
[WhiteElo "2307"]
[BlackElo "2150"]
[Annotator "NA"]
[PlyCount "99"]
[EventDate "2018.10.20"]
[EventType "swiss"]
[EventCountry "GRE"]
[SourceTitle "playchess.com"]
[Source "ChessBase"]
[SourceQuality "1"]
[TimeControl "40/5400+30:1800+30"]

1. d4 Nf6 2. c4 e6 3. g3 Bb4+ 4. Nd2 O-O 5. Bg2 d5 6. Ngf3 b6 7. O-O Bb7 8. Ne5 Nbd7 9. Qa4 Bxd2 10. Bxd2 Nxe5 11. dxe5 Nd7 12. Bc3 Nc5 13. Qc2 dxc4 14. Rfd1 Qe7 15. Bxb7 Nxb7 16. Qe4 c5 17. Qxc4 a6 18. a4 Rfd8 19. e4 a5 20. Qb5 Qc7 21. f4 h6 22. f5 Kh7 23. Rac1 Rac8 24. Kg2 Kg8 25. g4 Kh7 26. h4 Rb8 27. g5 Rbc8 28. Kh3 c4 29. Bd4 Qc6 30. Qxc6 Rxc6 31. Be3 Rxd1 32. Rxd1 Nc5 33. Rd6 Rc7 34. Bxc5 Rxc5 35. fxe6 fxe6 36. Rxe6 hxg5 37. hxg5 b5 38. Kg4 b4 39. g6+ Kh6 40. Kf5 Rc8 41. Rd6 Rf8+ 42. Ke6 c3 43. bxc3 bxc3 44. Rc6 Re8+ 45. Kd6 Kxg6 46. Kd7+ Kf7 47. e6+ Kf8 48. Rxc3 Ra8 49. e7+ Kf7 50. Rf3+ 1-0

[Event "WYCC 2018 O16"]
[Site "Halkidiki"]
[Date "2018.10.26"]
[Round "7"]
[White "Stevanic, David"]
[Black "Stoleriu, George"]
[Result "1-0"]
[ECO "C18"]
[WhiteElo "2281"]
[BlackElo "2362"]
[Annotator "NA"]
[PlyCount "111"]
[EventDate "2018.10.20"]
[EventType "swiss"]
[EventCountry "GRE"]
[SourceTitle "playchess.com"]
[Source "ChessBase"]
[SourceQuality "1"]
[TimeControl "40/5400+30:1800+30"]

1. e4 e6 2. d4 d5 3. Nc3 Bb4 4. e5 c5 5. a3 Bxc3+ 6. bxc3 Qc7 7. Qg4 f6 8. Nf3 c4 9. Bf4 Qf7 $11 10. h4 h5 11. Qh3 Nc6 12. Be2 Nge7 13. g4 hxg4 14. Qxg4 Qg6 15. Qxg6+ Nxg6 16. Bg3 Nce7 17. h5 Nf5 18. Kd2 Nge7 19. Rag1 Kf7 20. Bf4 Ng8 21. exf6 gxf6 22. h6 Nge7 23. Nh4 Bd7 24. Bh5+ Kf8 25. Nxf5 Nxf5 26. Rg6 Ke7 27. Rhg1 Rh7 28. Rxf6 Rah8 29. Bg5 Kd6 30. Bg6 Rxh6 31. Bxf5 Rxf6 32. Bxf6 Rf8 33. Be5+ Kc6 34. Bh3 Rxf2+ 35. Kc1 Kb6 36. Rg6 Ba4 37. Rg2 Rf3 38. Bxe6 Rxc3 39. Bxd5 Rxa3 40. Kb2 Rh3 41. Bxc4 Bc6 42. d5 Bb5 43. Bd4+ Ka5 44. Bxb5 Kxb5 45. Bxa7 b6 46. Bb8 Kc5 47. d6 Rh8 48. Bc7 Kc6 49. Rg3 Rh5 50. Rc3+ Kd7 51. Rb3 b5 52. Re3 Kc6 53. Re8 Kd7 54. Rb8 Kc6 55. Rb6+ Kd7 56. Kb3 1-0

[Event "WYCC 2018 O16"]
[Site "Halkidiki"]
[Date "2018.10.26"]
[Round "7"]
[White "Talukdar, Rohan"]
[Black "Ibrahimli, Murad"]
[Result "0-1"]
[ECO "C55"]
[WhiteElo "2279"]
[BlackElo "2379"]
[Annotator "NA"]
[PlyCount "102"]
[EventDate "2018.10.20"]
[EventType "swiss"]
[EventCountry "GRE"]
[SourceTitle "playchess.com"]
[Source "ChessBase"]
[SourceQuality "1"]
[TimeControl "40/5400+30:1800+30"]

1. e4 e5 2. Nf3 Nc6 3. Bc4 Nf6 4. d3 Be7 5. O-O O-O 6. Bb3 d6 7. c3 Na5 8. Bc2 c5 9. Nbd2 Nc6 10. Re1 Re8 11. a3 Bf8 12. b4 a6 13. Bb2 $11 {[%emt 0:04:11] LiveBook: 13 Games} Bg4 14. Nf1 d5 15. exd5 Nxd5 16. h3 Bh5 17. Ng3 Bg6 18. Ne4 cxb4 19. axb4 h6 20. Qd2 Qb6 21. Ba4 Rad8 22. Qc2 Nf4 23. Re3 Rxd3 24. Rxd3 Bxe4 25. Ne1 Nxd3 26. Nxd3 Qd8 27. Rd1 Qg5 28. f3 Bxf3 29. Rf1 Bd5 30. Bb3 Rd8 31. Bxd5 Rxd5 32. Nf2 Rd8 33. Bc1 Qe7 34. Ne4 Qe6 35. Qf2 Qg6 36. Qf3 Be7 37. g4 Rd7 38. Qg2 Nd8 39. Ng3 Qc6 40. Ne4 Ne6 41. Be3 Rd3 42. Re1 Bh4 43. Re2 Nf4 44. Bxf4 exf4 45. Qf1 f3 46. Re1 Rd2 47. Re3 Rg2+ 48. Kh1 Qc7 49. Qxg2 fxg2+ 50. Kxg2 g6 51. Nc5 Qd8 0-1

[Event "WYCC 2018 O16"]
[Site "Halkidiki"]
[Date "2018.10.26"]
[Round "7"]
[White "Loiacono, Leonardo"]
[Black "Guerra Rivera, Salvador"]
[Result "1/2-1/2"]
[ECO "E34"]
[WhiteElo "2277"]
[BlackElo "2340"]
[Annotator "NA"]
[PlyCount "118"]
[EventDate "2018.10.20"]
[EventType "swiss"]
[EventCountry "GRE"]
[SourceTitle "playchess.com"]
[Source "ChessBase"]
[SourceQuality "1"]
[TimeControl "40/5400+30:1800+30"]

1. d4 Nf6 2. c4 e6 3. Nc3 Bb4 4. Qc2 d5 5. cxd5 Qxd5 6. Nf3 Qf5 7. Qxf5 exf5 8. a3 Bd6 9. e3 c6 10. Bd3 O-O 11. O-O Re8 12. Bd2 $11 g6 13. Rfc1 Nbd7 14. Na4 Nb6 15. Nc5 Nbd5 16. g3 b6 17. Na4 Bd7 18. b4 Ne4 19. Be1 h6 20. Nb2 b5 21. Bb1 Ng5 22. Nxg5 hxg5 23. Nd3 f4 24. e4 Rxe4 25. Ne5 Rxe5 26. dxe5 Bxe5 27. Ra2 Nb6 28. Re2 Bf6 29. Ba2 Bg4 30. Rec2 Bf3 31. Bc3 Kg7 32. Bxf6+ Kxf6 33. gxf4 gxf4 34. Rc3 Bd5 35. Bxd5 cxd5 36. Rc5 Rd8 37. Rxb5 d4 38. Rbc5 d3 39. Rd1 Na4 40. Rc7 Ke5 41. Rd2 Kd4 42. Rxa7 Kc3 43. Rxd3+ Kxd3 44. Rxa4 Ke2 45. b5 Rd1+ 46. Kg2 f3+ 47. Kg3 Rg1+ 48. Kh3 Kxf2 49. b6 Rb1 50. Rb4 Rxb4 51. axb4 Kg1 52. b7 f2 53. b8=Q f1=Q+ 54. Kh4 Qf6+ 55. Kg4 Qf5+ 56. Kg3 Qf2+ 57. Kh3 Qf5+ 58. Kg3 Qf2+ 59. Kh3 Qf5+ 1/2-1/2

[Event "WYCC 2018 O16"]
[Site "Halkidiki"]
[Date "2018.10.26"]
[Round "7"]
[White "Thilakarathne, G M H"]
[Black "Olsen, Filip Boe"]
[Result "1/2-1/2"]
[ECO "B18"]
[WhiteElo "2268"]
[BlackElo "2335"]
[Annotator "NA"]
[PlyCount "45"]
[EventDate "2018.10.20"]
[EventType "swiss"]
[EventCountry "GRE"]
[SourceTitle "playchess.com"]
[Source "ChessBase"]
[SourceQuality "1"]
[TimeControl "40/5400+30:1800+30"]

1. e4 c6 2. d4 d5 3. Nc3 dxe4 4. Nxe4 Bf5 5. Ng3 Bg6 6. Nh3 Nf6 7. c3 Nbd7 8. Bc4 e6 9. Nf4 Bd6 10. h4 Qc7 $11 {[%emt 0:04:12] LiveBook: 6 Games} 11. h5 Bxf4 12. hxg6 fxg6 13. Bxf4 Qxf4 14. Bxe6 O-O-O 15. O-O h5 16. Re1 Kb8 17. Qc1 g5 18. Nf5 g6 19. Qxf4+ gxf4 20. Nd6 Rhf8 21. Nf7 Rde8 22. Ng5 Nb6 23. Bb3 1/2-1/2

[Event "WYCC 2018 O16"]
[Site "Halkidiki"]
[Date "2018.10.26"]
[Round "7"]
[White "Nielsen, Andre"]
[Black "Alivodic, Dario"]
[Result "0-1"]
[ECO "C19"]
[WhiteElo "2260"]
[BlackElo "2082"]
[Annotator "NA"]
[PlyCount "78"]
[EventDate "2018.10.20"]
[EventType "swiss"]
[EventCountry "GRE"]
[SourceTitle "playchess.com"]
[Source "ChessBase"]
[SourceQuality "1"]
[TimeControl "40/5400+30:1800+30"]

1. e4 e6 2. d4 d5 3. Nc3 Bb4 4. e5 c5 5. a3 Bxc3+ 6. bxc3 Ne7 7. a4 Qa5 8. Qd2 b6 9. Bb5+ Bd7 10. Bd3 Bxa4 11. Ba3 Nec6 12. Nf3 Nd7 13. O-O b5 14. Qg5 Qxc3 15. Qxg7 Rf8 16. Ng5 b4 17. Bb2 Qxb2 18. Rxa4 Qxd4 19. Nxh7 Ncxe5 20. Kh1 Nc6 21. Qxd4 Nxd4 22. Nxf8 Kxf8 23. Rfa1 Ne5 24. f4 Nec6 25. Rc1 c4 26. Bf1 a5 27. Kg1 Ke7 28. Kf2 Kd6 29. g4 Kc5 30. h4 Kb5 31. Ra2 a4 32. Ke3 Rg8 33. Bh3 b3 34. cxb3 axb3 35. Rb2 Kb4 36. Rbb1 c3 37. Kd3 c2 38. Rb2 Ka3 39. Kc3 Ne2+ 0-1

[Event "WYCC 2018 O16"]
[Site "Halkidiki"]
[Date "2018.10.26"]
[Round "7"]
[White "Juksta, Karolis"]
[Black "Baenziger, Fabian"]
[Result "1-0"]
[ECO "E20"]
[WhiteElo "2234"]
[BlackElo "2355"]
[Annotator "NA"]
[PlyCount "55"]
[EventDate "2018.10.20"]
[EventType "swiss"]
[EventCountry "GRE"]
[SourceTitle "playchess.com"]
[Source "ChessBase"]
[SourceQuality "1"]
[TimeControl "40/5400+30:1800+30"]

1. d4 Nf6 2. c4 e6 3. Nc3 Bb4 4. f3 c5 5. a3 Bxc3+ 6. bxc3 Nc6 7. e4 d6 8. Be3 b6 9. Bd3 Na5 10. Ne2 Ba6 11. Ng3 Qc7 12. Rc1 Rc8 13. O-O O-O 14. dxc5 bxc5 15. Qe2 Nd7 16. f4 f6 17. e5 dxe5 18. f5 e4 19. Bxe4 Bxc4 20. Qh5 Ne5 21. fxe6 g6 22. Qh4 Qe7 23. Rfe1 Bxe6 24. Bh6 Rfe8 25. h3 Bc4 26. Rc2 Nf7 27. Nh5 Nxh6 28. Bd5+ 1-0

[Event "WYCC 2018 O16"]
[Site "Halkidiki"]
[Date "2018.10.26"]
[Round "7"]
[White "Lund, Gunnar"]
[Black "Onslow, Alfie"]
[Result "1-0"]
[ECO "D00"]
[WhiteElo "2227"]
[BlackElo "2037"]
[Annotator "NA"]
[PlyCount "61"]
[EventDate "2018.10.20"]
[EventType "swiss"]
[EventCountry "GRE"]
[SourceTitle "playchess.com"]
[Source "ChessBase"]
[SourceQuality "1"]
[TimeControl "40/5400+30:1800+30"]

1. d4 d5 2. Bf4 Nf6 3. e3 c5 4. c3 Nc6 5. Nd2 Bf5 6. Ngf3 e6 7. Qb3 Qb6 8. Qxb6 axb6 9. Bb5 Be7 10. Bc7 Nd7 11. O-O O-O 12. Rfe1 Rfc8 13. Bg3 Nf6 14. h3 h6 15. Ne5 Nxe5 16. Bxe5 Ne4 17. Nxe4 Bxe4 18. f3 Bg6 19. Bg3 c4 20. e4 Ra5 21. a4 dxe4 22. fxe4 Kf8 23. Kh2 Rca8 24. Rad1 Bh5 25. Rd2 Rd8 26. Rf2 f6 27. Bc7 Bd6+ 28. Bxd6+ Rxd6 29. e5 Rd8 30. exf6 Be8 31. Bxc4 1-0

[Event "WYCC 2018 O16"]
[Site "Halkidiki"]
[Date "2018.10.26"]
[Round "7"]
[White "Wang, Yanbin"]
[Black "Wijesinghe, N L C Dojitha"]
[Result "1-0"]
[ECO "A05"]
[WhiteElo "2220"]
[BlackElo "1688"]
[Annotator "NA"]
[PlyCount "95"]
[EventDate "2018.10.20"]
[EventType "swiss"]
[EventCountry "GRE"]
[SourceTitle "playchess.com"]
[Source "ChessBase"]
[SourceQuality "1"]
[TimeControl "40/5400+30:1800+30"]

1. Nf3 Nf6 2. g3 d5 3. Bg2 g6 4. O-O Bg7 5. d3 c5 6. Nbd2 Nc6 7. e4 O-O 8. Qe2 e6 9. Rd1 Re8 10. a4 a5 11. Nf1 e5 12. exd5 Nxd5 13. c3 f5 14. Bg5 Qd7 15. d4 cxd4 16. Nxd4 Nxd4 17. cxd4 e4 18. f3 h6 19. fxe4 Kh7 20. Qc4 Nb6 21. Qb3 Bxd4+ 22. Rxd4 Qxd4+ 23. Be3 Qf6 24. Bxb6 Be6 25. Qb5 Bc4 26. Qd7+ Re7 27. Qd4 Qxd4+ 28. Bxd4 fxe4 29. Ne3 Bd3 30. Nd5 Rf7 31. Nf6+ Kh8 32. Nxe4+ Kh7 33. Nf6+ Kg7 34. Ng4+ Kh7 35. Ne5 Re7 36. Nxd3 Rd7 37. Bc3 Rxd3 38. Bxb7 Ra7 39. Be4 Rd6 40. Rf1 Rd8 41. Rf6 Rg8 42. g4 Re7 43. Bc2 Rc7 44. h4 h5 45. gxh5 Kh6 46. Rxg6+ Rxg6+ 47. hxg6 Rc4 48. g7 1-0

[Event "WYCC 2018 O16"]
[Site "Halkidiki"]
[Date "2018.10.26"]
[Round "7"]
[White "Gabizon, Eyal"]
[Black "Vrolijk, Liam"]
[Result "0-1"]
[ECO "E48"]
[WhiteElo "2205"]
[BlackElo "2437"]
[Annotator "NA RC"]
[PlyCount "70"]
[EventDate "2018.10.20"]
[EventType "swiss"]
[EventCountry "GRE"]
[SourceTitle "playchess.com"]
[Source "ChessBase"]
[SourceQuality "1"]
[TimeControl "40/5400+30:1800+30"]

1. d4 Nf6 2. c4 e6 3. Nc3 Bb4 4. e3 O-O 5. Bd3 d5 6. cxd5 exd5 7. Nge2 {[%emt 0:00:00] LiveBook: 658 Games} Re8 8. O-O Bd6 9. Ng3 b6 10. Bd2 c5 $11 11. dxc5 bxc5 12. Rc1 Nbd7 13. Re1 Bb7 14. Qa4 Ne5 15. Bf1 a6 16. f3 g6 17. Rcd1 h5 18. f4 Ned7 19. e4 h4 20. Nh1 c4 21. Nf2 Bc5 22. Be3 Bxe3 23. Rxe3 Qb6 24. Re2 Nc5 25. Qc2 Ncxe4 26. Kh1 Nxf2+ 27. Rxf2 Ng4 28. Rf3 Ne3 29. Qf2 d4 30. Rh3 Qf6 31. Rxe3 dxe3 32. Qe2 Qxf4 33. Qxc4 Qxc4 34. Bxc4 Rad8 35. Rf1 Re7 0-1

[Event "WYCC 2018 O16"]
[Site "Halkidiki"]
[Date "2018.10.26"]
[Round "7"]
[White "Kotau, Arseni"]
[Black "Gatineau, Yovann"]
[Result "0-1"]
[ECO "D85"]
[WhiteElo "2167"]
[BlackElo "2376"]
[Annotator "NA"]
[PlyCount "104"]
[EventDate "2018.10.20"]
[EventType "swiss"]
[EventCountry "GRE"]
[SourceTitle "playchess.com"]
[Source "ChessBase"]
[SourceQuality "1"]
[TimeControl "40/5400+30:1800+30"]

1. d4 Nf6 2. c4 g6 3. Nc3 d5 4. cxd5 Nxd5 5. Bd2 Nb6 6. e3 Bg7 7. f4 O-O 8. Nf3 Be6 9. Rc1 c5 10. dxc5 N6d7 11. Na4 Nc6 12. b3 Bg4 13. Be2 e5 14. O-O Re8 15. Kh1 Qe7 16. Nxe5 Ndxe5 17. Bxg4 Nd3 18. Rc4 Rad8 19. Bf3 Qd7 20. Qc2 Nxf4 21. Rxf4 Qxd2 22. Qxd2 Rxd2 23. Bxc6 bxc6 24. Rxf7 Rf8 25. Rxf8+ Bxf8 26. g3 Kg7 27. Rf4 Rxa2 28. Rb4 h5 29. Rb7+ Kf6 30. Rc7 Bh6 31. Rxc6+ Kf5 32. Nc3 Rb2 33. Nd5 Bg7 34. Rc7 Be5 35. Ne7+ Kg4 36. Rd7 Kh3 37. Kg1 Rg2+ 38. Kf1 Kxh2 39. c6 Bxg3 40. c7 Rf2+ 41. Ke1 Rc2+ 42. Kf1 Rf2+ 43. Ke1 Rc2+ 44. Kf1 Bxc7 45. Nxg6 Bg3 46. Rf7 h4 47. e4 h3 48. e5 Rc1+ 49. Ke2 Kg2 50. Rg7 Re1+ 51. Kd2 h2 52. Nh4+ Kh3 0-1

[Event "WYCC 2018 O16"]
[Site "Halkidiki"]
[Date "2018.10.26"]
[Round "7"]
[White "Rodriguez Izquierdo, Luis"]
[Black "Katopodis, Dimitrios"]
[Result "0-1"]
[ECO "B07"]
[WhiteElo "2038"]
[BlackElo "2310"]
[Annotator "NA"]
[PlyCount "126"]
[EventDate "2018.10.20"]
[EventType "swiss"]
[EventCountry "GRE"]
[SourceTitle "playchess.com"]
[Source "ChessBase"]
[SourceQuality "1"]
[TimeControl "40/5400+30:1800+30"]

1. e4 d6 2. d4 Nf6 3. Nc3 Nbd7 4. Nf3 e5 5. Bc4 Be7 6. a4 O-O 7. O-O c6 8. h3 Qc7 9. Re1 $14 {[%emt 0:02:07] LiveBook: 220 Games} exd4 10. Nxd4 Ne5 11. Bf1 Re8 12. f4 Ng6 13. Qf3 Bf8 14. Be3 Bd7 15. Bf2 a6 16. g4 h6 17. Nf5 b5 18. Bd4 Nh7 19. b3 d5 20. e5 b4 21. Ne2 c5 22. Bb2 Bc6 23. Bg2 Rad8 24. Rad1 Ba8 25. Qf2 d4 26. Bxa8 Rxa8 27. Bc1 f6 28. exf6 Nxf6 29. Neg3 Nd5 30. Nh5 Nc3 31. Rxe8 Rxe8 32. Re1 Qc6 33. Nxh6+ Kh7 34. Nf7 Kg8 35. Ne5 Nxe5 36. fxe5 Be7 37. Qg2 Qxg2+ 38. Kxg2 Bh4 39. Ng3 Bxg3 40. Kxg3 Kf7 41. h4 Ke6 42. h5 Kd5 43. Bf4 c4 44. bxc4+ Kxc4 45. e6 d3 46. cxd3+ Kxd3 47. Be5 Rxe6 48. Bxc3 Rxe1 49. Bxb4 Rf1 50. Ba3 Ke4 51. Bb2 Rg1+ 52. Kh4 Kf4 53. Kh3 Rg3+ 54. Kh4 Rxg4+ 55. Kh3 Kg5 56. Bxg7 Kxh5 57. Be5 Rxa4 58. Kg3 Kg5 59. Kf3 Kf5 60. Bg7 Ra3+ 61. Ke2 a5 62. Kd2 Rb3 63. Kc2 a4 0-1

[Event "WYCC 2018 O16"]
[Site "Halkidiki"]
[Date "2018.10.27"]
[Round "8"]
[White "Ibrahimli, Murad"]
[Black "Sankalp Gupta"]
[Result "1/2-1/2"]
[ECO "E16"]
[WhiteElo "2379"]
[BlackElo "2352"]
[Annotator "NA"]
[PlyCount "144"]
[EventDate "2018.10.20"]
[EventType "swiss"]
[EventCountry "GRE"]
[SourceTitle "playchess.com"]
[Source "ChessBase"]
[SourceQuality "1"]
[TimeControl "40/5400+30:1800+30"]

1. d4 Nf6 2. c4 e6 3. Nf3 b6 4. g3 Bb7 5. Bg2 Bb4+ 6. Bd2 c5 7. O-O O-O 8. Nc3 cxd4 9. Nb5 Be7 10. Nbxd4 Nc6 11. Ne5 Qc8 12. Ndxc6 dxc6 13. Qa4 c5 14. Nc6 Bd6 15. Bf4 Qc7 16. Ne7+ Qxe7 17. Bxd6 Qxd6 18. Bxb7 Rab8 19. Bf3 Qc7 20. Rad1 Rfd8 21. Qa6 g6 22. Qa3 Kg7 23. Qc3 Rxd1 24. Rxd1 Rd8 25. Rf1 Qd6 26. e3 Qd2 27. Qe5 Qd6 28. Qc3 h5 29. Rd1 Qc7 30. Rb1 Qd6 31. Rd1 Qc7 32. Rxd8 Qxd8 33. Qe5 Kg8 34. h3 Nh7 35. Kg2 Nf8 36. b3 Qd2 37. Qc7 Qd7 38. Qb8 Kg7 39. Bb7 g5 40. Qxa7 Qc7 41. Qa8 Ng6 42. Be4 Ne7 43. Bf3 h4 44. gxh4 Ng6 45. hxg5 Qe5 46. Qe4 Qxg5+ 47. Qg4 Qd8 48. Qg3 Kh6 49. Be4 f5 50. Bc6 e5 51. e4 Nf4+ 52. Kh2 Nh5 53. Qf3 f4 54. Bd5 Nf6 55. Qg2 Qe7 56. a4 Qe8 57. h4 Qh5 58. Qg5+ Qxg5 59. hxg5+ Kxg5 60. Kg2 Ne8 61. Be6 Kf6 62. Bd7 Nc7 63. Bc8 Ke7 64. Kf3 Kd8 65. Bg4 Na6 66. Ke2 Nb4 67. Kd2 Ke7 68. Be2 Ke6 69. Bg4+ Ke7 70. Kc3 Kd6 71. Bh3 Ke7 72. Kd2 Kf6 1/2-1/2

[Event "WYCC 2018 O16"]
[Site "Halkidiki"]
[Date "2018.10.27"]
[Round "8"]
[White "Gatineau, Yovann"]
[Black "Chukavin, Kirill"]
[Result "1-0"]
[ECO "A46"]
[WhiteElo "2376"]
[BlackElo "2274"]
[Annotator "NA"]
[PlyCount "111"]
[EventDate "2018.10.20"]
[EventType "swiss"]
[EventCountry "GRE"]
[SourceTitle "playchess.com"]
[Source "ChessBase"]
[SourceQuality "1"]
[TimeControl "40/5400+30:1800+30"]

1. d4 Nf6 2. Nf3 e6 3. g3 b5 4. Qd3 b4 5. e4 Ba6 6. Qe3 Bxf1 7. Kxf1 d5 8. e5 Nfd7 9. a3 c5 10. axb4 cxb4 11. Kg2 a5 12. h4 h5 13. Ng5 Nb6 14. f4 g6 15. Qd3 Qd7 16. Nd2 a4 17. Nf1 Nc6 18. Ne3 Be7 19. Rd1 Na5 20. b3 a3 21. Bd2 Nc6 22. Rdc1 Na7 23. Qe2 Nb5 24. Qe1 Nxd4 25. Bxb4 Qb5 26. Bxe7 Kxe7 27. c4 dxc4 28. bxc4 Qc6+ 29. Kh3 Rhc8 30. Rcb1 Ra4 31. Qd1 Nxc4 32. Qxd4 Nxe3 33. Qxe3 a2 34. Rd1 Kf8 35. Qb3 Rca8 36. Rd6 Qc8 37. Qd1 R4a7 38. f5 exf5 39. e6 f4 40. Rd7 Rxd7 41. exd7 Qc3 42. Ne4 Qc7 43. Rxa2 Rd8 44. Rd2 Qe5 45. Ng5 fxg3 46. Qf3 Qe7 47. Qd5 Kg7 48. Kxg3 Qe3+ 49. Kg2 Qe7 50. Kf3 Kf8 51. Kf4 Qb4+ 52. Rd4 Qe7 53. Qd6 Qxd6+ 54. Rxd6 Ke7 55. Ke5 Rf8 56. Nxf7 1-0

[Event "WYCC 2018 O16"]
[Site "Halkidiki"]
[Date "2018.10.27"]
[Round "8"]
[White "Stoleriu, George"]
[Black "Stefan, Victor"]
[Result "1-0"]
[ECO "B90"]
[WhiteElo "2362"]
[BlackElo "1998"]
[Annotator "NA"]
[PlyCount "73"]
[EventDate "2018.10.20"]
[EventType "swiss"]
[EventCountry "GRE"]
[SourceTitle "playchess.com"]
[Source "ChessBase"]
[SourceQuality "1"]
[TimeControl "40/5400+30:1800+30"]

1. e4 c5 2. Nf3 d6 3. d4 cxd4 4. Nxd4 Nf6 5. Nc3 a6 6. a4 g6 7. Be2 Bg7 8. Be3 O-O 9. O-O Nbd7 10. a5 Qc7 11. Nd5 Qd8 12. f3 e5 13. Nb3 Nxd5 14. exd5 f5 15. f4 exf4 16. Bxf4 Nf6 17. Bf3 Ng4 18. c3 g5 19. Bxg4 fxg4 20. Be3 Rxf1+ 21. Qxf1 g3 22. hxg3 Be5 23. Bd4 Bxg3 24. Qf3 Bf4 25. Re1 Qf8 26. g3 Be5 27. Qxf8+ Kxf8 28. Bxe5 dxe5 29. Rxe5 h6 30. Nc5 Bg4 31. Kf2 Kf7 32. Ke3 Rb8 33. b4 Kf6 34. Kd4 Rg8 35. Nxb7 h5 36. Nd6 h4 37. Ne4+ 1-0

[Event "WYCC 2018 O16"]
[Site "Halkidiki"]
[Date "2018.10.27"]
[Round "8"]
[White "Wachinger, Nikolas"]
[Black "Stevanic, David"]
[Result "0-1"]
[ECO "C88"]
[WhiteElo "2360"]
[BlackElo "2281"]
[Annotator "NA"]
[PlyCount "60"]
[EventDate "2018.10.20"]
[EventType "swiss"]
[EventCountry "GRE"]
[SourceTitle "playchess.com"]
[Source "ChessBase"]
[SourceQuality "1"]
[TimeControl "40/5400+30:1800+30"]

1. e4 e5 2. Nf3 Nc6 3. Bb5 a6 4. Ba4 Nf6 5. O-O Be7 6. Re1 b5 7. Bb3 O-O 8. a4 b4 9. d4 d6 10. dxe5 dxe5 11. Nbd2 Bc5 12. a5 Ng4 13. Rf1 Nf6 14. h3 Qe7 15. Bc4 Be6 16. Qe2 Nh5 17. Nb3 Ng3 18. Qd3 Nxf1 19. Bxe6 fxe6 20. Bg5 Rxf3 21. Qxf3 Qxg5 22. Nxc5 Nd2 23. Qd3 Nd4 24. Rd1 Rf8 25. c3 N4f3+ 26. Kh1 Qf4 27. g3 Qh6 28. Kg2 bxc3 29. bxc3 Qf6 30. Rxd2 Ne1+ 0-1

[Event "WYCC 2018 O16"]
[Site "Halkidiki"]
[Date "2018.10.27"]
[Round "8"]
[White "Baenziger, Fabian"]
[Black "Hernandez Luna, Jose Angel"]
[Result "1-0"]
[ECO "D02"]
[WhiteElo "2355"]
[BlackElo "1913"]
[Annotator "NA"]
[PlyCount "65"]
[EventDate "2018.10.20"]
[EventType "swiss"]
[EventCountry "GRE"]
[SourceTitle "playchess.com"]
[Source "ChessBase"]
[SourceQuality "1"]
[TimeControl "40/5400+30:1800+30"]

1. d4 d5 2. Nf3 Nf6 3. c4 e6 4. g3 Nbd7 5. Bg2 c6 6. Qc2 Bd6 7. O-O O-O 8. Nbd2 b6 9. e4 dxe4 10. Nxe4 Nxe4 11. Qxe4 $11 Bb7 12. b3 Re8 13. Bb2 Qc7 14. Rad1 c5 15. Qc2 h6 16. Rfe1 Rad8 17. Qe2 a6 18. a3 cxd4 19. Rxd4 e5 20. Rdd1 a5 21. Nd2 Bxg2 22. Kxg2 f5 23. Qh5 Rf8 24. Nf3 Rf6 25. Nxe5 Nc5 26. Ng6 Rf7 27. Nh4 f4 28. Nf5 fxg3 29. hxg3 Nxb3 30. Nxh6+ gxh6 31. Qg6+ Rg7 32. Bxg7 Qxg7 33. Rxd6 1-0

[Event "WYCC 2018 O16"]
[Site "Halkidiki"]
[Date "2018.10.27"]
[Round "8"]
[White "Petriashvili, Nikoloz"]
[Black "Abdisalimov, Abdimalik"]
[Result "0-1"]
[ECO "A46"]
[WhiteElo "2343"]
[BlackElo "2368"]
[Annotator "NA"]
[PlyCount "110"]
[EventDate "2018.10.20"]
[EventType "swiss"]
[EventCountry "GRE"]
[SourceTitle "playchess.com"]
[Source "ChessBase"]
[SourceQuality "1"]
[TimeControl "40/5400+30:1800+30"]

1. d4 Nf6 2. Nf3 e6 3. g3 b5 4. Bg5 Bb7 5. Nbd2 d5 6. e3 $14 {[%emt 0:00:16] LiveBook: 4 Games} b4 7. c3 a5 8. a3 Nbd7 9. axb4 axb4 10. Nb3 bxc3 11. bxc3 Ba3 12. Rb1 Qc8 13. Bxf6 Nxf6 14. Ne5 O-O 15. Nd3 Ne4 16. Qc2 Ba6 17. Nd2 Nd6 18. Ra1 Bb5 19. Ne5 c5 20. Nb1 Ba4 21. Qe2 cxd4 22. Rxa3 Nb5 23. Rxa4 Rxa4 24. Qxb5 dxc3 25. Bd3 c2 26. Bxc2 Qxc2 27. O-O Ra2 28. Qb4 Rb2 29. Na3 Qxf2+ 30. Rxf2 Rxb4 31. Nc2 Re4 32. Nc6 f6 33. Kg2 Kf7 34. N6d4 Rc8 35. Rd2 e5 36. Ne2 Ke6 37. Kf2 h5 38. Ne1 h4 39. Ra2 Rc6 40. Ra7 g5 41. Ra2 h3 42. Ra8 g4 43. Rb8 Rec4 44. Nd3 Kf5 45. Ke1 Ke4 46. Nf2+ Kf3 47. e4 d4 48. Rb3+ Kg2 49. Nxg4 Rc2 50. Ra3 Rb2 51. Kd1 Rcc2 52. Nc1 Rc3 53. Rxc3 dxc3 54. Ke1 Kf3 55. Nxf6 Rxh2 0-1

[Event "WYCC 2018 O16"]
[Site "Halkidiki"]
[Date "2018.10.27"]
[Round "8"]
[White "Olsen, Filip Boe"]
[Black "Semjonovs, Ilja"]
[Result "1/2-1/2"]
[ECO "A57"]
[WhiteElo "2335"]
[BlackElo "2245"]
[Annotator "NA"]
[PlyCount "117"]
[EventDate "2018.10.20"]
[EventType "swiss"]
[EventCountry "GRE"]
[SourceTitle "playchess.com"]
[Source "ChessBase"]
[SourceQuality "1"]
[TimeControl "40/5400+30:1800+30"]

1. d4 Nf6 2. c4 c5 3. d5 b5 4. cxb5 a6 5. e3 axb5 6. Bxb5 Ba6 7. Bxa6 Rxa6 8. Nc3 g6 9. Nf3 Bg7 10. O-O O-O 11. e4 d6 12. Qe2 Qb6 13. e5 dxe5 14. Nxe5 e6 15. Nc4 Qa7 16. dxe6 Rxe6 17. Qc2 Nc6 18. Qa4 Qc7 19. Na3 Nd4 20. Nab5 Qe5 21. h3 Ne4 22. Be3 Rb8 23. Rab1 Nxb5 24. Nxb5 Reb6 25. Na3 Qe6 26. Bf4 Rb4 27. Qa7 Re8 28. b3 Nc3 29. Be3 Nxb1 30. Rxb1 Rbb8 31. Qxc5 Bf8 32. Qc1 Qa6 33. Nc2 Rec8 34. Qd1 Qxa2 35. Nd4 Rd8 36. Ra1 Qb2 37. Qc1 Qxc1+ 38. Rxc1 Rd7 39. Rc4 Rb4 40. Rxb4 Bxb4 41. Nc6 Rd1+ 42. Kh2 Bd6+ 43. g3 Rb1 44. b4 Bxb4 45. Nxb4 Rxb4 46. Bh6 f6 47. h4 Kf7 48. Be3 Ke6 49. Kg2 Kf5 50. Kf3 h5 51. Bc5 Rc4 52. Ba7 Rc3+ 53. Kg2 Kg4 54. Bd4 Rf3 55. Be3 Rf5 56. Bd4 Rf3 57. Be3 f5 58. Bg5 f4 59. Bxf4 1/2-1/2

[Event "WYCC 2018 O16"]
[Site "Halkidiki"]
[Date "2018.10.27"]
[Round "8"]
[White "Szpar, Milosz"]
[Black "Thilakarathne, G M H"]
[Result "1/2-1/2"]
[ECO "B85"]
[WhiteElo "2328"]
[BlackElo "2268"]
[Annotator "NA"]
[PlyCount "48"]
[EventDate "2018.10.20"]
[EventType "swiss"]
[EventCountry "GRE"]
[SourceTitle "playchess.com"]
[Source "ChessBase"]
[SourceQuality "1"]
[TimeControl "40/5400+30:1800+30"]

1. e4 c5 2. Nf3 e6 3. d4 cxd4 4. Nxd4 Nc6 5. Nc3 Qc7 6. Be3 a6 7. Be2 Nf6 8. O-O Be7 9. f4 d6 10. Qe1 O-O $11 {[%emt 0:09:05] LiveBook: 842 Games} 11. Qg3 Nxd4 12. Bxd4 b5 13. a3 Bb7 14. Kh1 Rad8 15. Bd3 Bc6 16. Rae1 Qb7 17. Qh3 h6 18. Re3 Kh8 19. Rg3 b4 20. axb4 Qxb4 21. Ne2 Bb5 22. Bc3 Qc5 23. e5 dxe5 24. fxe5 Nh7 1/2-1/2